 Dungeon Crawl Stone Soup version 0.27-a0-1301-g128193abf8 (webtiles) character file.

Game seed: 8698202858946418271

42 Lanoc the Digger (level 3, -2/24 HPs)
             Began as a Demonspawn Earth Elementalist on June 18, 2021.
             Was an Initiate of Ashenzari.
             Slain by a white imp (3 damage)
             ... on level 3 of the Dungeon.
             The game lasted 00:02:32 (1785 turns).

Lanoc the Digger (Demonspawn Earth Elementalist)    Turns: 1785, Time: 00:02:32

Health: -2/24      AC:  2    Str:  8    XL:     3   Next: 33%
Magic:  5/6        EV: 12    Int: 17    God:    Ashenzari [......]
Gold:   88         SH:  0    Dex: 13    Spells: 5/6 levels left

rFire    + . .     SeeInvis .   m - +0 hand axe (freeze)
rCold    . . .     Faith    .   (no shield)
rNeg     . . .     Spirit   .   b - +0 robe
rPois    +         Reflect  .   (no helmet)
rElec    .         Harm     .   (no cloak)
rCorr    .         Rampage  .   (no gloves)
Will     .....                  (no boots)
Stlth    ++........             (no amulet)
HPRegen  0.08/turn              h - ring of poison resistance
MPRegen  0.20/turn              i - ring of protection from fire

@: no status effects
A: magic regeneration, sturdy frame 1
a: Renounce Religion


You were on level 3 of the Dungeon.
You worshipped Ashenzari.
Ashenzari was noncommittal.
You visited 1 branch of the dungeon, and saw 3 of its levels.

You collected 88 gold pieces.

Inventory:

Hand Weapons
 m - a +0 hand axe of freezing (weapon)
Missiles
 c - 89 stones
Armour
 b - a +0 robe (worn)
Jewellery
 h - a ring of poison resistance (left hand)
 i - a ring of protection from fire (right hand)
Scrolls
 d - a scroll of blinking
 g - 2 scrolls of identify
 k - a scroll of enchant weapon
 l - a scroll of fog
Potions
 a - a potion of might
 e - a potion of flight
 f - a potion of berserk rage
 j - a potion of curing
 n - a potion of brilliance


   Skills:
 + Level 2.3 Dodging
 - Level 1.7 Stealth
 - Level 2.0 Spellcasting
 - Level 0.8 Transmutations
 * Level 3.7 Earth Magic


You had 5 spell levels left.
You knew the following spells:

 Your Spells              Type           Power      Damage    Failure   Level
a - Sandblast             Erth           28%        2d8       4%          1

Your spell library contained the following spells:

 Spells                   Type           Power      Damage    Failure   Level
 Passwall                 Tmut/Erth      7%         N/A       12%         2
 Stone Arrow              Conj/Erth      16%        3d8       26%         3
 Petrify                  Tmut/Erth      9%         N/A       58%         4
 Lee's Rapid Deconstruct  Erth           7%         3d7*      75%         5


Dungeon Overview and Level Annotations

Branches:
Dungeon (3/15)

Altars:
Ashenzari
Cheibriados


Innate Abilities, Weirdness & Mutations

You regenerate magic rapidly.
Your movements are slightly less encumbered by armour. (ER -2)


Message History

There is a broken altar of Ashenzari here.
You kneel at the altar of Ashenzari.
Ashenzari welcomes you!
a - a potion of might;
d - a scroll of blinking;
e - a potion of flight
f - a potion of berserk rage;
g - 2 scrolls of identify;
j - a potion of curing
k - a scroll of enchant weapon;
l - a scroll of fog Ashenzari warns you of distant threats and treasures.
Ashenzari reveals the structure of the dungeon to you.
Ashenzari shows you where magical portals lie.
Ashenzari prevents you from stumbling into unseen traps.
Ashenzari identifies your possessions.
Okay, then.
Found 21 arrows.
A ball python comes into view.
Found a potion of brilliance.
The helpless ball python fails to defend itself.
You hit the ball python. You freeze the ball python.
You kill the ball python!
No target in view!
n - a potion of brilliance
Found a stone staircase leading down.
A white imp comes into view.
A white imp is nearby!
The white imp shouts, "Bolt, thou foppish weevil-witted death-token!"
The white imp gestures at you. The puff of frost hits you!
You hit the white imp.
The white imp is lightly wounded.
The white imp hits you. The white imp freezes you. The white imp hits you.
* * * LOW HITPOINT WARNING * * *
The white imp freezes you.
* * * LOW HITPOINT WARNING * * *
You are too injured to fight recklessly!
Casting: Sandblast (safe; 4% risk of failure)
Confirm with . or Enter, or press ? or * to list all spells.
Aiming: Sandblast (safe; 4% risk of failure)
Press: ? - help, Shift-Dir - straight line, f - white imp
Aim: a white imp (lightly wounded, 79% to hit)
The blast of sand hits the white imp.
The white imp is severely wounded.
The white imp hits you.
* * * LOW HITPOINT WARNING * * *
The white imp freezes you.
You die...

#.....# #.....#
########.....#
.............+
######.#....########
..#.#............
######.#.#####.######
#....#.#.# #.#
#....@.#.#####.#######
####5#>...............
#.#.#.#####.###.###
#.#..... ### #.#
..#.#.### ####.###
###.#.# #....... #.#.#
#....##) #.#.#
####.....#. #.#..
......._...


You could see a white imp.

Vanquished Creatures
  A dart slug (D:2)
  5 orcs (D:3)
  4 bats
  3 endoplasms
  3 giant cockroaches
  A goblin (D:3)
  4 quokkas
  5 ball pythons
  2 frilled lizards (D:2)
  A kobold (D:2)
  3 rats
32 creatures vanquished.

Notes
Turn   | Place    | Note
-------+----------+-------------------------------------------
     0 | D:1      | Lanoc the Demonspawn Earth Elementalist began the quest for
                  | the Orb.
     0 | D:1      | Reached XP level 1. HP: 13/13 MP: 3/3
   457 | D:1      | Reached skill level 3 in Earth Magic
   486 | D:1      | Gained mutation: Your movements are slightly less
                  | encumbered by armour. (ER -2) [demonic ancestry]
   486 | D:1      | Reached XP level 2. HP: 19/19 MP: 3/5
  1558 | D:3      | Found a snail-covered altar of Cheibriados.
  1622 | D:3      | Gained mutation: You regenerate magic rapidly. [demonic
                  | ancestry]
  1622 | D:3      | Reached XP level 3. HP: 24/24 MP: 4/6
  1740 | D:3      | Found a broken altar of Ashenzari.
  1749 | D:3      | Became a worshipper of Ashenzari the Shackled
  1785 | D:3      | HP: 1/24 [white imp (2)]
  1785 | D:3      | Slain by a white imp

Illustrated notes

Levels and vault maps discovered:
D:1:      dpeg_arrival_refuge, layout_loops_corners, roderic_three_in_a_row
D:2:      layout_basic
D:3:      layout_basic, lemuel_tele_altar, nicolae_overflow_crystal_walls,
          serial_shops, shop, small_statue_intersection,
          chequers_serial_rivers_small_a, minmay_shallow_snake_nest

Skill      XL: |  1 |
---------------+----+-----
Dodging        | 2 |  2.3
Earth Magic    | 3 |  3.7
Stealth        | |  1.7
Spellcasting   | |  2.0
Transmutations | |  0.8

Action                   || total
-------------------------++-------
Melee: Unarmed           ||     9
       Hand axe          ||     2
 Cast: Sandblast         ||    46
 Stab: Sleeping          ||     2
Armor: Robe              ||     6
Dodge: Dodged            ||    10

Table legend: (Time is in decaauts)
 A = Elapsed time spent in this place.
 B = Non-inter-level travel time spent in this place.
 C = Inter-level travel time spent in this place.
 D = Time resting spent in this place.
 E = Time spent auto-exploring this place.
 F = Levels seen in this place.
 G = Mean time per level.
                   A        B        C        D        E       F      G
               +--------+--------+--------+--------+--------+-----+--------+
         Total |   1783 |   1762 |     21 |      0 |   1590 |   3 |  594.3 |
       Dungeon |   1783 |   1762 |     21 |      0 |   1590 |   3 |  594.3 |
               +--------+--------+--------+--------+--------+-----+--------+

Top non-repeatable levels by time:
     D:1: 1110 daAuts
     D:2: 419 daAuts
     D:3: 253 daAuts
